 Dungeon Crawl Stone Soup version 0.20-a0-842-g939b552 (webtiles) character file.

457 M4edhros the Covert (level 7, -5/43 HPs)
             Began as an Octopode Artificer on Mar 9, 2017.
             Was a Follower of Fedhas.
             Killed by nerve-wracking pain
             ... invoked by Jessica
              (14 damage)
             ... on level 3 of the Dungeon.
             The game lasted 00:03:32 (2618 turns).

M4edhros the Covert (Octopode Artificer)            Turns: 2618, Time: 00:03:33

Health: -5/43      AC:  3    Str: 12    XL:     7   Next: 6%
Magic:  9/9        EV: 14    Int: 13    God:    Fedhas [*.....]
Gold:   111        SH:  0    Dex: 14    Spells: 6/6 levels left

rFire    . . .     SeeInvis +   a - +0 short sword
rCold    . . .     Gourm    .   (no shield)
rNeg     . . .     Faith    .   q - +2 hat
rPois    .         Spirit   .   (no amulet)
rElec    .         Reflect  .   y - ring of see invisible
rCorr    .         Harm     .   (no ring)
MR       .....                  (no ring)
Stlth    +++++.....             (no ring)
Regen    0.2/turn               (no ring)
MPRegen  0.2/turn               (no ring)
                                (no ring)
                                (no ring)

@: no status effects
A: almost no armour, stealthy swim, amphibious, 8 rings, constrict 8, camouflage
1, gelatinous body 1
a: Fungal Bloom, Evolution, Renounce Religion


You were on level 3 of the Dungeon.
You worshipped Fedhas.
Fedhas was aware of your devotion.
You were not hungry.

You visited 1 branch of the dungeon, and saw 3 of its levels.

You collected 111 gold pieces.

Inventory:

Hand Weapons
 a - a +0 short sword (weapon)
 o - a +0 hunting sling
Missiles
 m - 61 stones (quivered)
Armour
 q - a +2 hat (worn)
Jewellery
 y - a ring of see invisible (left tentacle)
Wands
 b - a wand of flame (9/48)
 c - a wand of enslavement (7/24)
 d - a wand of random effects (12/48)
 w - a wand of polymorph (12/24)
 B - a wand of flame (27/48)
Scrolls
 e - 2 scrolls of fog {unknown}
 i - a scroll of random uselessness {unknown}
 j - 9 scrolls of identify {unknown}
 k - 2 scrolls of remove curse {unknown}
 l - a scroll of enchant armour {unknown}
 p - a scroll of recharging {unknown}
 s - a scroll of noise {unknown}
 u - a scroll of teleportation {unknown}
 v - a scroll of amnesia {unknown}
 x - a scroll of blinking {unknown}
Potions
 n - a potion of heal wounds {unknown}
 t - a potion of berserk rage {unknown}
 z - a potion of degeneration {unknown}
 A - a potion of ambrosia {unknown}
Books
 g - a book of Cantrips

   Spells                             Type                      Level
   a - Confusing Touch                Hexes                        1
   b - Animate Skeleton               Necromancy                   1
   c - Summon Small Mammal            Summoning                    1
   d - Apportation                    Translocation                1
Comestibles
 f - a bread ration
 h - 3 fruits
 r - 2 meat rations


   Skills:
 + Level 1.6 Fighting
 - Level 1.0 Short Blades
 + Level 2.4 Dodging
 + Level 8.6 Stealth
 * Level 2.8 Invocations
 + Level 3.6 Evocations


You had 6 spell levels left.
You didn't know any spells.

Dungeon Overview and Level Annotations

Branches:
Dungeon (3/15)

Altars:
Fedhas
Gozag
Nemelex Xobeh
Okawaru

Annotations:
D:3 Jessica


Innate Abilities, Weirdness & Mutations

You cannot wear most types of armour.
You are very stealthy in the water. (Stealth+)
You are amphibious.
You can wear up to eight rings at the same time.
You can use your tentacles to constrict eight enemies at once.
Your skin changes colour to match your surroundings (Stealth+).
Your rubbery body absorbs attacks. (AC +1, EV +1)


Message History

What are your orders? t - Shout!
Orders for allies: a - Attack new target. p - Attack previous target. r - Retreat! s - Stop attacking. g - Guard the area. f - Follow me.
Anything else - Cancel.
Guard this area!
Jessica gestures wildly while chanting.
Jessica blinks!
Evoke which item? (* to show all) (? for menu, Esc to quit)
Aiming: Throw Flame
Press: ? - help, Shift-Dir - straight line, f - Jessica, p - orc
Aim: Jessica, wearing a robe (slightly transparent)
The puff of flame hits Jessica.
Jessica is moderately wounded.
This wand has 9 charges left.
Jessica gestures at you while chanting. Pain shoots through your body!
You die...
Fedhas appreciates your contribution to the ecosystem.

#.#.#............##.#.#
#.#.#.########...##†#.#
#.#.### . ..........#
#.#.. ......#.##.#.#
#.### #.##.#.##$#.# ...
.....@.##.# # #...##)#
#...##P# #.o@##P#
...##...##P#
#........PP)#
#..####.##### # #.. ###


You could see Jessica (invisible) and a friendly orc (wandering).

Vanquished Creatures
  Grinder (D:3)
  Sigmund (D:2)
  Natasha (twice) (D:2)
  4 adders
  2 worms (D:3)
  2 dart slugs
  2 leopard geckos
  3 orcs (D:3)
  A giant cockroach (D:1)
  9 goblins
  4 hobgoblins
  9 jackals
  8 kobolds
  2 quokkas
  11 bats
  A frilled lizard (D:1)
  4 rats
66 creatures vanquished.

Vanquished Creatures (collateral kills)
  A goblin (D:1)
  A kobold (D:3)
  A frilled lizard (D:1)
3 creatures vanquished.

Vanquished Creatures (others)
  An adder (D:3)
  A jackal (D:1)
  43 toadstools
45 creatures vanquished.

Grand Total: 114 creatures vanquished

Notes
Turn   | Place    | Note
-------+----------+-------------------------------------------
     0 | D:1      | M4edhros the Octopode Artificer began the quest for the Orb.
     0 | D:1      | Reached XP level 1. HP: 13/13 MP: 3/3
    81 | D:1      | Reached skill level 2 in Stealth
   118 | D:1      | Reached XP level 2. HP: 18/18 MP: 4/4
   122 | D:1      | Reached skill level 3 in Stealth
   531 | D:2      | Noticed Sigmund
   534 | D:2      | Reached skill level 4 in Stealth
   536 | D:2      | Killed Sigmund
   536 | D:2      | Reached skill level 7 in Stealth
   536 | D:2      | Reached XP level 3. HP: 15/23 MP: 5/5
   536 | D:2      | Reached XP level 4. HP: 18/28 MP: 6/6
   536 | D:2      | Reached XP level 5. HP: 22/33 MP: 7/7
   667 | D:2      | Noticed Natasha
   719 | D:2      | Killed Natasha
   719 | D:2      | Reached skill level 8 in Stealth
   911 | D:2      | Found a blossoming altar of Fedhas.
   956 | D:2      | Became a worshipper of Fedhas Madash
  1016 | D:1      | Reached XP level 6. HP: 38/38 MP: 8/8
  1601 | D:2      | Found an opulent altar of Gozag.
  1603 | D:2      | Reached * piety under Fedhas
  1875 | D:2      | Noticed Natasha
  1887 | D:2      | Killed Natasha
  1887 | D:2      | Reached skill level 1 in Invocations
  2223 | D:3      | Found a sparkling altar of Nemelex Xobeh.
  2223 | D:3      | Found an iron altar of Okawaru.
  2449 | D:3      | Noticed Grinder
  2485 | D:3      | Killed Grinder
  2485 | D:3      | Reached XP level 7. HP: 37/43 MP: 9/9
  2612 | D:3      | Noticed Jessica
  2618 | D:3      | Killed from afar by Jessica

Vault maps used:
D:1:      sevenhm_arrival_forest_fort_large_2, nrook_mini_vaults
D:2:      nicolae_gozag_cash_rules_everything_around_me, first_bread,
          fedhas_altar_fruit_tree, uniq_sigmund, uniq_natasha
D:3:      marbit_many_paths, gammafunk_temple_overflow_elements, uniq_jessica,
          uniq_grinder

Skill      XL: |  1  2  3  4  5  6 |
---------------+-------------------+-----
Stealth        | 2 7 8 |  8.6
Invocations    | 2 |  2.8
Fighting       | |  1.6
Short Blades   | |  1.0
Dodging        | |  2.4
Evocations     | |  3.6

Action                   |  1- 3 |  4- 6 |  7- 9 || total
-------------------------+-------+-------+-------++-------
Melee: Short sword       |    23 |    91 |    17 ||   131
       Constrict         |     7 |    26 |     5 ||    38
       Tentacles         |     5 |    20 |     3 ||    28
       Unarmed           |       |     8 |       ||     8
Invok: Fungal Bloom      |       |    18 |     4 ||    22
       Evolution         |       |     1 |       ||     1
Evoke: Wand              |     4 |     9 |     4 ||    17
 Stab: Sleeping          |     1 |     7 |     3 ||    11
  Eat: Chunk             |       |     1 |     1 ||     2
       Royal jelly       |       |     1 |       ||     1
       Bread ration      |       |       |     1 ||     1
Armor: Skin              |     4 |    30 |     4 ||    38
Dodge: Dodged            |    14 |    77 |     9 ||   100
